Raisse, chaotic female orcish Barbarian ----- ---------- |...-- ---->.......-- --- --..... ...|--............| ---.---...--- ...||.......^.....| --------- |.........-- --------.d---............| |.--.--)--- ...-- --..........o.........oco[.....(---.--- |.........---- ....| |............---^..--------..)[-- --- ----.......|.--- --...| --...................|.-- --...| |-..........| |....-- --........%............| --..| --|...........----------....-- --...----.....|....<.-- --.| --.--....................)....| |..-- |.-.*----...-- |.------- |.................%-------....| ---- --...| --.-- |...||..-- --.................- --..-- ---...-- --- ---.--...---- --............--... ---- -......--- --|...|.....---------..........|---- .........| |.---.|.........)...[...... ^ -........| |...|.......%---------.|... -.......| --.............| ...|.. |..--...| ---.....|.|...| ..-- -- |..-- |..|.---|..-- . ---- ------ ---- Raisse the Bandit Experience level: 8 Strength: 19 Dexterity: 16 Constitution: 18 Intelligence: 8 Wisdom: 8 Charisma: 7 Health: 90(111) Energy: 15(15) Def: 11 Gold: 311 Moves: 7634 Dungeon seed: Px0mw5MKZtxuk4PM Game ID: Raisse_1591163613 Your Inventory: Coins $ - 311 gold pieces Weapons a - an uncursed rusty +0 battle-axe (weapon in hands) h - an uncursed +1 dagger of warning Q - a blessed +0 dagger of hunger and frost R - an uncursed +0 elven dagger Armor A - a blessed +1 dwarvish mithril-coat (being worn) B - a blessed +1 pair of iron shoes (being worn) C - a blessed +0 dwarvish cloak (being worn) H - an uncursed rusty +0 dwarvish iron helm (being worn) Comestibles L - an uncursed male lizard corpse named the Lizard of Yendor P - an uncursed tin of spinach Wands g - an uncursed wand of striking (0:1) J - an uncursed wand of make invisible (0:2) N - an uncursed wand of teleportation (0:3) Tools n - an uncursed stethoscope q - an uncursed skeleton key t - an uncursed magic lamp (lit) z - an uncursed bag of holding Gems e - an uncursed worthless piece of yellowish brown glass Z - 2 uncursed luckstones Contents of the bag of holding: 1176 gold pieces 10 uncursed +0 daggers a cursed -2 elven dagger an uncursed female lizard corpse 3 uncursed scrolls of blank paper a cursed scroll of blank paper a blessed scroll of confuse monster an uncursed scroll of earth a cursed scroll of enchant armor an uncursed scroll of light an uncursed scroll of remove curse an uncursed scroll of scare monster an uncursed scroll of summoning a blessed scroll of teleportation a blessed potion of booze 5 uncursed potions of booze an uncursed potion of confusion a blessed potion of fruit juice an uncursed potion of gain energy 2 uncursed potions of hallucination a blessed potion of see invisible an uncursed potion of sleeping 3 uncursed potions of water a cursed -2 ring of carrying a cursed -3 ring of carrying an uncursed wand of speed monster (0:0) an uncursed wand of summoning (0:4) an uncursed magic marker (0:47) an uncursed magic marker (0:33) an uncursed pair of lenses an uncursed +0 pick-axe 7 uncursed tallow candles (0:200) an uncursed tinning kit (0:85) Spells and supernatural/magical abilities: Name Level Category Cost Memory t - teleport away 5 escape 5000pw 90% O - summoning 2 clerical 2000pw 90% W - pray for help -- divine ? -- Your skills at the end: Fighting Skills bare handed combat [Basic] Weapon Skills axe [Basic] short sword [Basic] Spellcasting Skills Final Attributes: You were piously aligned. You were immune to poison. You were telepathic. You had infravision. You were fast. You had extra luck. Bad luck did not time out for you. Good luck did not time out for you. You angered your god 2 turns ago. Set was slightly angry at you. You are dead. Vanquished creatures: a wumpus a baby purple worm 2 long worms 2 sergeants a small mimic a large cat a tiger a dwarf king a chameleon a giant beetle a winter wolf cub an iron piercer a giant spider 2 vampire bats 4 gnome kings 3 lizards a dog a dwarf lord a snake 4 apes a human zombie a water nymph a rock mole a violet fungus 13 gnome lords 7 gnomish wizards a red naga hatchling 3 elf zombies 2 paper golems a little dog a floating eye 18 dwarves a homunculus a kobold lord a hill orc 7 rothes a rabid rat a giant bat a dwarf zombie 2 wererats an iguana an acid blob 6 hobbits a giant rat 7 cave spiders a brown mold 3 yellow molds a red mold 59 gnomes 9 gnome zombies a gecko 6 jackals 2 goblins 3 sewer rats 9 grid bugs a bat 6 lichens 9 newts 222 creatures vanquished. Voluntary challenges: You had been an atheist until turn 3059. You used a wielded weapon 331 times, starting on turn 142. You read items or engraved 47 times, starting on turn 237. You never genocided any monsters. You never polymorphed an object. You never changed form. You used no wishes. You never split a pudding. You never wrote Elbereth's name. You never violated your personal moral code. Dungeon overview: The Dungeons of Doom: levels 1 to 5 Level 1 a vault a long staircase Level 2 a general store, a sink, a vault Level 3 a vault Level 4 an armor shop, a vault stairs to The Gnomish Mines Level 5 The Gnomish Mines: levels 5 to 12 Level 5 stairs to The Dungeons of Doom Level 6 Level 7 many shops, a temple to Crom, some fountains Level 8 <- You were here Level 9 Level 10 Level 11 Level 12 History has recorded: On T:1 you entered the Dungeons of Doom to retrieve the Amulet of Yendor! On T:880 you reached level 2 of The Dungeons of Doom. On T:1736 you reached level 3 of The Dungeons of Doom. On T:2251 you reached level 4 of The Dungeons of Doom. On T:2321 you reached level 5 of The Dungeons of Doom. On T:2346 you advanced to experience level 2. On T:2629 you reached level 1 of The Gnomish Mines. On T:2642 you advanced to experience level 3. On T:2692 you advanced to experience level 4. On T:2998 you reached level 2 of The Gnomish Mines. On T:3021 you advanced to experience level 5. On T:3104 you advanced to experience level 6. On T:4195 you reached level 3 of The Gnomish Mines. On T:4735 you advanced to experience level 7. On T:4960 you reached level 4 of The Gnomish Mines. On T:5497 you reached level 5 of The Gnomish Mines. On T:5651 you reached level 8 of The Gnomish Mines. On T:5737 you advanced to experience level 8. On T:6457 you reached level 6 of The Gnomish Mines. On T:6493 you reached level 7 of The Gnomish Mines. Score breakdown: Gold: 1487 (10792 points) Experience: 8 levels (14739 points) Exploration: 12 levels ( 26.09%) (14832 points) Discoveries: 20 items ( 7.97%) ( 8468 points) Valuables value: (no points given unless you survive) Artifact value: 0 ( 0 points) Variety of kills: 58 monsters ( 15.26%) (11720 points) Turncount: 7634 turns (-1979 points) Survival: died (score multiplied by 80%) Total score: 46857 Latest messages: Please move the cursor to an unknown object. Never mind. A gush of water hits the hill orc's left arm! You hit it. The chickatrice bites! The chickatrice touches you! You hear the chickatrice's hissing! You are slowing down. You begin praying to Set. The winter wolf cub bites! Your limbs are stiffening. The winter wolf cub bites! Your limbs have turned to stone. You feel that Set is displeased. The winter wolf cub bites! The chickatrice bites! The chickatrice misses. You have turned to stone. The winter wolf cub bites! You are a statue. Final status: Goodbye Raisse the Barbarian, petrified by a chickatrice, while unable to move due to turning to stone... You turned to stone in The Gnomish Mines on dungeon level 8 with 46857 points, and 1487 pieces of gold, after 7634 moves. You were level 8 with a maximum of 111 hit points when you turned to stone.